 Dungeon Crawl Stone Soup version 0.27.1-1-g398f81649c (webtiles) character file.

Game seed: 9781950857156542524

43320 DemonSlayer the Severer (level 14, -5/88 HPs)
             Began as a Tengu Berserker on Sept 14, 2021.
             Was an Elder of Trog.
             Hit by a javelin thrown by Urug (16 damage)
             ... on level 5 of the Lair of Beasts.
             The game lasted 01:24:38 (36188 turns).

DemonSlayer the Severer (Tengu Berserker)          Turns: 36188, Time: 01:24:39

Health: -5/88      AC: 23    Str: 26    XL:     14   Next: 23%
Magic:  13/13      EV: 12    Int:  8    God:    Trog [****..]
Gold:   2090       SH:  5    Dex: 15    Spells: 13/13 levels left

rFire    + + .     SeeInvis .   e - +3 battleaxe (flame)
rCold    . . .     Faith    .   (shield currently unavailable)
rNeg     . . .     Spirit   .   t - +2 plate armour {rF+}
rPois    .         Reflect  +   (helmet restricted)
rElec    .         Harm     .   B - +2 cloak {rCorr}
rCorr    +         Rampage  .   f - +0 pair of gloves {Str+3}
Will     +....                  (boots unavailable)
Stlth    ..........             I - amulet of reflection
HPRegen  0.24/turn              d - ring of protection from cold
MPRegen  0.13/turn              k - ring of fire

@: mighty, on berserk cooldown, flying quickly and evasively, quick
A: beak, talons 3, nimble flight, agile 1, low mp 1, sense surroundings 1,
MP-powered wands
a: Renounce Religion, Berserk, Trog's Hand, Brothers in Arms


You were on level 5 of the Lair of Beasts.
You worshipped Trog.
Trog was greatly pleased with you.
You visited 3 branches of the dungeon, and saw 18 of its levels.
You also visited: Volcano.

You collected 2445 gold pieces.
You spent 355 gold pieces at shops.

Inventory:

Hand Weapons
 e - a +3 battleaxe of flaming (weapon)
 q - a +1 battleaxe of flaming
 F - the +6 lajatang "Uffocw" {vorpal, rF+ Will+ rCorr}
   (Trog gifted it to you on level 2 of the Orcish Mines)

   It inflicts extra damage upon your enemies.
   rF:        It protects you from fire.
   rCorr:     It protects you from acid and corrosion.
   Will:      It increases your willpower.
 J - a +0 war axe of electrocution
Missiles
 l - 49 poisoned darts (quivered)
 s - 6 datura-tipped darts
 v - 4 curare-tipped darts
 y - 4 atropa-tipped darts
Armour
 f - a +0 pair of gloves of strength (worn)
 g - a +3 kite shield
 t - a +2 plate armour of fire resistance (worn)
 B - a +2 cloak of preservation (worn)
Jewellery
 d - a ring of protection from cold (left hand)
 k - a ring of fire (right hand)
 z - a ring of positive energy
 I - an amulet of reflection (around neck)
Wands
 a - a wand of polymorph (6)
 c - a wand of iceblast (6)
 h - a wand of flame (15)
 A - a wand of charming (12)
 C - a wand of digging (5)
 E - a wand of mindburst (34)
Scrolls
 i - 3 scrolls of silence
 m - a scroll of identify
 o - 2 scrolls of fog
 p - 2 scrolls of magic mapping
Potions
 j - 4 potions of lignification
 n - a potion of haste
 r - a potion of mutation
 u - 2 potions of might
 w - 3 potions of attraction {unknown}
 G - a potion of curing
Miscellaneous
 D - a tin of tremorstones (2/2)


   Skills:
 + Level 10.0 Fighting
 + Level 15.7 Axes
 - Level 6.0 Throwing
 + Level 13.6 Armour
 + Level 5.5 Dodging
 + Level 3.2 Stealth
 + Level 8.0 Shields


You had 13 spell levels left.
You didn't know any spells.
Your spell library was empty.

Dungeon Overview and Level Annotations

Branches:
Dungeon (11/15)            Temple (0/1) D:5            Lair (5/6) D:8
 Spider (0/4) Lair:2          Orc (2/2) D:10            Elf (0/3) Orc:2
Volcano (visited)
  Swamp: Lair:2-4    Shoals: Lair:2-4     Slime: Lair:5-6

Altars:
Ashenzari
Cheibriados
Dithmenos
Fedhas
Gozag
Kikubaaqudgha
Okawaru
Qazlal
Sif Muna
Uskayaw
Vehumet
Wu Jian
Xom
Beogh

Shops:
Orc:2 ***!

Portals:
Trove: D:11 (give +6 demon trident)
Ice
Cave: Lair:5

Annotations:
Lair:5 Urug


Innate Abilities, Weirdness & Mutations

You have a beak for a mouth.
You have claws for feet.
Your magical nature lets you fly swiftly and evasively.
You are agile. (Dex +2)
Your magical capacity is low. (-10% MP)
You passively map a small area around you.
You expend magic power (3 MP) to strengthen your wands.


Message History

Unknown command.
You are too injured to fight recklessly!
Unknown command.
You barely miss Urug. Your kick misses Urug. Your peck misses Urug.
Urug is severely wounded.
Urug hits you with a +4 great sword!
* * * LOW HITPOINT WARNING * * *
You feel much better. The cane toad barely misses you.
Urug hits you with a +4 great sword!
The cane toad stings you but does no damage.
Okay, then.
Okay, then.
Your ogre goes berserk!
The cane toad stings you. Urug hits you with a +4 great sword!
* * * LOW HITPOINT WARNING * * *
Urug misses you. You block the cane toad's attack.
Your ogre hits the cane toad with a +0 giant club.
The cane toad closely misses you.
Your ogre closely misses the cane toad.
The cane toad barely misses your ogre.
Your ogre hits the cane toad with a +0 giant club!!
Urug barely misses you. The cane toad stings your ogre!!
Your ogre hits the cane toad with a +0 giant club!!
The cane toad dies!
Trog accepts your kill.
Urug hits your ogre with a +4 great sword!!
Your ogre dies!
Your ogre's corpse disappears in a puff of smoke!
You feel yourself speed up.
Urug screams, "Die, harpy!"
Urug throws a javelin.
The javelin pierces through you.
* * * LOW HITPOINT WARNING * * *
Urug throws a javelin.
The javelin pierces through you.
* * * LOW HITPOINT WARNING * * *
Urug throws a javelin.
The javelin pierces through you but does no damage.
Urug throws a javelin.
The javelin misses you.
Found a scroll of teleportation.
Urug throws a javelin.
The javelin pierces through you!
You die...

.....................##
#.....................#
.....................#
....†....o...........#
.....†...............##
......................##
......................P#
...<.................##
................@.....#*
.....................#.#
......................#
.....................##
.P...5...............#
.......∩..............#
...................?..#
#.....................#
*


You could see Urug.

Vanquished Creatures
  Josephine (Orc:2)
  Harold (Orc:1)
  2 hydras
  Erolcha (Orc:1)
  A catoblepas (Lair:3)
  A two-headed ogre (D:11)
  2 orc high priests (Orc:2)
  3 death yaks (D:8)
  Sonja (Lair:3)
  Nergalle (Orc:1)
  2 lindwurms (Volcano)
  A deep elf pyromancer (D:8)
  3 orc knights (Orc:2)
  5 orc sorcerers (Orc:2)
  An ugly thing (D:9)
  8 elephants
  3 centaur zombies
  2 black mambas (Lair:1)
  4 molten gargoyles (Volcano)
  Maurice (D:8)
  2 rime drakes
  5 cane toads
  3 efreet (Volcano)
  2 kobold demonologists
  7 komodo dragons
  3 trolls
  2 jumping spiders (Lair:2)
  4 polar bears
  Grinder (D:3)
  7 blink frogs
  A redback (Lair:2)
  A wyvern (D:9)
  9 yaks
  3 wraiths (Orc:2)
  4 fire elementals (Volcano)
  A basilisk (Lair:1)
  3 vampire mosquitoes
  2 steam dragons
  A warg (Orc:2)
  An acid dragon (D:10)
  19 water moccasins
  2 ice beasts
  16 orc warriors
  A sky beast (D:6)
  4 boggarts (Lair:4)
  3 ogres
  24 wolves
  2 centaurs
  5 kobold brigands
  8 bullfrogs
  An earth elemental (Volcano)
  A gnoll sergeant (D:10)
  A wyvern zombie (D:8)
  2 scorpions (D:5)
  4 howler monkeys
  9 wights
  An electric eel (Lair:2)
  A bullfrog zombie (D:5)
  14 orc priests
  4 hounds
  A bullfrog skeleton (D:6)
  3 gnoll shamans
  4 iguanas
  14 orc wizards
  A hell rat (D:8)
  A killer bee zombie (D:8)
  A hound skeleton (D:4)
  A howler monkey zombie (D:9)
  16 gnolls
  7 adders
  3 river rats
  2 shadow imps (D:8)
  13 white imps
  An ufetubus (D:6)
  5 worms
  2 dart slugs (D:4)
  43 orcs
  3 bats
  5 endoplasms
  4 giant cockroaches
  2 goblins
  5 hobgoblins
  2 jackals (D:1)
  5 quokkas
  3 ball pythons
  A frilled lizard (D:3)
  32 kobolds
  13 kobold skeletons (D:8)
  4 kobold zombies (D:8)
  3 rats
  A spectral goblin (D:1)
429 creatures vanquished.

Vanquished Creatures (collateral kills)
  An orc high priest (Orc:2)
  2 orc knights (Orc:2)
  2 orc sorcerers (Orc:2)
  A cane toad (Lair:5)
  6 orc warriors (Orc:2)
  An earth elemental (Volcano)
  2 orc priests (Orc:2)
  9 orc wizards
  8 orcs
  3 kobolds (D:8)
  A kobold skeleton (D:8)
36 creatures vanquished.

Vanquished Creatures (others)
  2 bushes (Lair:4)
  2 fire vortices (Volcano)
  22 fungi
  39 plants
  9 withered plants (D:6)
74 creatures vanquished.

Grand Total: 539 creatures vanquished

Notes
Turn   | Place    | Note
-------+----------+-------------------------------------------
     0 | D:1      | DemonSlayer the Tengu Berserker began the quest for the
                  | Orb.
     0 | D:1      | Reached XP level 1. HP: 14/14 MP: 2/2
   377 | D:1      | Found a faded altar of an unknown god.
   551 | D:1      | Reached XP level 2. HP: 19/19 MP: 3/3
   740 | D:2      | Reached XP level 3. HP: 15/23 MP: 4/4
  1424 | D:2      | Reached skill level 4 in Axes
  1951 | D:2      | Reached ** piety under Trog
  2091 | D:2      | Reached XP level 4. HP: 24/28 MP: 5/5
  2511 | D:3      | Noticed Grinder
  3353 | D:4      | Reached skill level 1 in Shields
  3685 | D:4      | Gained mutation: Your magical nature lets you fly swiftly
                  | and evasively. [Tengu growth]
  3685 | D:4      | Reached XP level 5. HP: 31/33 MP: 6/6
  4679 | D:3      | Paralysed by Grinder for 5 turns
  4697 | D:3      | Paralysed by Grinder for 2 turns
  5265 | D:3      | Killed Grinder
  5266 | D:3      | Reached skill level 5 in Axes
  5266 | D:3      | Reached skill level 1 in Throwing
  5266 | D:3      | Reached XP level 6. HP: 38/38 MP: 7/7
  5490 | D:5      | Entered Level 5 of the Dungeon
  5830 | D:5      | Reached XP level 7. HP: 43/43 MP: 8/8
  6216 | D:5      | Found a shimmering blue altar of Sif Muna.
  6779 | D:5      | Found a shimmering altar of Xom.
  6779 | D:5      | Found a stormy altar of Qazlal.
  6782 | D:5      | Found a shadowy altar of Dithmenos.
  6929 | D:5      | Reached skill level 6 in Axes
  6929 | D:5      | Reached skill level 5 in Armour
  7501 | D:5      | Found a staircase to the Ecumenical Temple.
  8026 | D:6      | Reached XP level 8. HP: 48/48 MP: 9/9
  8223 | D:6      | Reached skill level 1 in Stealth
  8893 | D:6      | Reached skill level 7 in Axes
  9218 | D:6      | HP: 2/72 [orc warrior (6)]
  9221 | D:6      | Reached skill level 5 in Fighting
  9409 | D:6      | Reached XP level 9. HP: 41/54 MP: 10/10
  9415 | D:6      | HP: 1/54 [gnoll (6)]
 10225 | D:6      | Gained mutation: Your magical capacity is low. (-10% MP)
                  | [potion of mutation]
 10225 | D:6      | Gained mutation: You are agile. (Dex +2) [potion of
                  | mutation]
 10225 | D:6      | Gained mutation: You passively map a small area around you.
                  | [potion of mutation]
 10225 | D:6      | Gained mutation: You expend magic power (3 MP) to
                  | strengthen your wands. [potion of mutation]
 10437 | D:6      | Found an opulent altar of Gozag.
 10498 | D:6      | Found a hide-covered altar of Uskayaw.
 10602 | D:6      | Found an ancient bone altar of Kikubaaqudgha.
 11759 | D:7      | Found a radiant altar of Vehumet.
 12329 | D:7      | Reached *** piety under Trog
 13201 | D:8      | Noticed a death yak
 13341 | D:8      | Reached skill level 8 in Axes
 13387 | D:8      | Noticed a deep elf pyromancer
 13680 | D:8      | Killed a deep elf pyromancer
 14587 | D:8      | Found an iron altar of Okawaru.
 14589 | D:8      | Noticed Maurice
 14594 | D:8      | Reached XP level 10. HP: 60/60 MP: 10/10
 14614 | D:8      | Killed Maurice
 14615 | D:8      | Reached skill level 9 in Axes
 15319 | D:8      | Found an ornate altar of the Wu Jian Council.
 15410 | D:8      | Found a snail-covered altar of Cheibriados.
 15470 | D:8      | Reached skill level 5 in Shields
 15566 | D:8      | Found a staircase to the Lair.
 15569 | D:8      | Noticed a death yak
 15570 | D:8      | Noticed a death yak
 16602 | D:8      | Noticed a kobold demonologist
 16611 | D:8      | Reached **** piety under Trog
 16612 | D:8      | Killed a kobold demonologist
 16628 | D:8      | Found an ancient bone altar of Kikubaaqudgha.
 17248 | D:8      | Killed a death yak
 17254 | D:8      | Killed a death yak
 17255 | D:8      | Reached skill level 10 in Axes
 17270 | D:8      | HP: 1/61 [death yak (12)]
 17271 | D:8      | Killed a death yak
 17769 | D:9      | Noticed a kobold demonologist
 17777 | D:9      | Noticed a soul eater
 17778 | D:9      | Killed a kobold demonologist
 17779 | D:9      | Reached XP level 11. HP: 66/66 MP: 8/10
 18610 | D:9      | Noticed a purple ugly thing
 18628 | D:9      | Killed a purple ugly thing
 18629 | D:9      | Reached skill level 11 in Axes
 20610 | D:10     | Entered Level 10 of the Dungeon
 20610 | D:10     | Found a broken altar of Ashenzari.
 20903 | D:10     | Reached skill level 10 in Armour
 21285 | D:10     | Found a staircase to the Orcish Mines.
 21600 | D:10     | Found a blossoming altar of Fedhas.
 21995 | D:11     | Found a portal to a secret trove of treasure.
 22795 | D:11     | Noticed a two-headed ogre
 22805 | D:11     | Killed a two-headed ogre
 22806 | D:11     | Reached skill level 5 in Throwing
 23689 | Lair:1   | Entered Level 1 of the Lair of Beasts
 23767 | Lair:1   | Found a dark tunnel.
 23775 | Volcano  | Entered a volcano
 24018 | Volcano  | Noticed a lindwurm
 24018 | Volcano  | Noticed a lindwurm
 24037 | Volcano  | Killed a lindwurm
 24038 | Volcano  | Reached skill level 12 in Axes
 24038 | Volcano  | Reached XP level 12. HP: 60/73 MP: 11/11
 24650 | Lair:1   | Reached skill level 5 in Dodging
 24776 | Lair:1   | Reached skill level 13 in Axes
 25455 | Lair:1   | Noticed a six-headed hydra
 25463 | Lair:1   | Killed a three-headed hydra
 26365 | Lair:1   | Identified the +9 short sword of Abuse {freeze, Stlth+}
 27094 | Lair:2   | Identified the +9 mace of Ysalaely {freeze, *Slow rCorr
                  | Dex+2}
 27383 | Lair:2   | Reached XP level 13. HP: 72/80 MP: 12/12
 27633 | Lair:2   | Found a hole to the Spider Nest.
 28661 | Lair:3   | Noticed Sonja
 28677 | Lair:3   | Killed Sonja
 29068 | Lair:3   | Reached skill level 14 in Axes
 29074 | Lair:3   | Reached ***** piety under Trog
 31300 | Orc:1    | Entered Level 1 of the Orcish Mines
 31320 | Orc:1    | Noticed Erolcha
 31328 | Orc:1    | Noticed Nergalle
 31331 | Orc:1    | Killed Erolcha
 31684 | Orc:1    | Killed Nergalle
 31876 | Orc:2    | Entered Level 2 of the Orcish Mines
 31897 | Orc:2    | Found a staircase to the Elven Halls.
 31995 | Orc:2    | Noticed Josephine
 32006 | Orc:2    | Identified the +6 lajatang "Uffocw" {vorpal, rF+ Will+
                  | rCorr} (Trog gifted it to you on level 2 of the Orcish
                  | Mines)
 32006 | Orc:2    | Received a gift from Trog
 32011 | Orc:2    | Killed Josephine
 33589 | Orc:2    | Found Qoamanecw's Distillery.
 33607 | Orc:2    | Reached skill level 15 in Axes
 35194 | Orc:2    | Found Qoofor's Assorted Antiques.
 35199 | Orc:2    | Found Soikkaka's Assorted Antiques.
 35238 | Orc:2    | Bought a scroll labelled GATASY FANIE for 38 gold pieces
 35238 | Orc:2    | Bought a pair of glowing gloves for 285 gold pieces
 35243 | Orc:2    | Acquired 880 gold pieces
 35247 | Orc:2    | Found Afoatran's General Store.
 35253 | Orc:2    | Bought a scroll labelled QECONE PI PEA for 32 gold pieces
 35385 | Orc:1    | Reached XP level 14. HP: 81/87 MP: 13/13
 35484 | Orc:1    | Noticed Harold
 35499 | Orc:1    | Killed Harold
 36116 | Lair:4   | Reached skill level 10 in Fighting
 36151 | Lair:5   | Found a frozen archway.
 36154 | Lair:5   | Noticed Urug
 36188 | Lair:5   | Hit by a javelin thrown by Urug

Illustrated notes

Levels and vault maps discovered:
D:1:      dpeg_arrival_court, layout_rooms,
          dreamdust_ecumenical_altar_drowned_temple
D:2:      layout_rooms, minmay_statues_item
D:3:      layout_rooms, serial_park_tiny_1, uniq_grinder
D:4:      layout_basic
D:5:      layout_basic, grunt_temple_overflow_open,
          minmay_temple_entry_proselytizer
D:6:      layout_cave_pods, kiku_gazebo_garden_becter,
          nicolae_gozag_seed_capital, nicolae_uskayaw_dance_hall,
          minmay_misc_feat_diagonals
D:7:      layout_gridville, kennysheep_mini_moat
D:8:      wander_kiku_kobolds, layout_basic, lemuel_round_altar,
          pdpol_wu_jian_five_deadly_venoms, mainiacjoe_overflow_surrounded_room,
          dpeg_lair_monsters, uniq_maurice
D:9:      layout_stronghold
D:10:     layout_loops_ring, nicolae_ashenzari_panopticon,
          amcnicky_altar_gilded, dk_vineyard_3, pond
D:11:     layout_stronghold, enter_trove_2
Lair:1:   layout_loops_ring, enter_volcano_1, beast_lair_carwin_1
Lair:2:   layout_chaotic_city, spider_nest_entry_a, serial_rivers,
          chequers_serial_rivers_micro_b, chequers_serial_rivers_large_a,
          chequers_serial_rivers_small_a, chequers_serial_rivers_large_b,
          infiniplex_staircase_pool
Lair:3:   layout_cave_pods, columned_hall_lemuel, uniq_sonja
Lair:4:   layout_long_grid, minmay_swamp_entry_reptiles,
          kilobyte_rumbling_trees, serial_bayou_shore_a
Lair:5:   layout_small_grid, dpeg_slime_entry_enclosed_altar,
          portal_ice_cave_entry_imps, grunt_forest_small_clearings, st_stairs_6,
          chequers_serial_rivers_small_3, uniq_urug
Orc:1:    layout_caves, uniq_nergalle, uniq_harold, uniq_erolcha
Orc:2:    st_orc_elflike, layout_diamond_mine, mines1_david, uniq_josephine

Skill      XL: |  1  2  3  4  5  6  7  8  9 10 11 12 13 14 |
---------------+-------------------------------------------+-----
Axes           | 4 5 6 7 8 10 12 13 15 | 15.7
Shields        | 1 2 3 4 5 7 8 |  8.0
Armour         | 3 4 5 6 8 9 10 11 13 | 13.6
Throwing       | 1 2 3 4 5 6 |  6.0
Fighting       | 4 5 6 7 8 9 10 | 10.0
Stealth        | 1 2 3 |  3.2
Dodging        | 3 4 5 |  5.5

Action                   |  1- 3 |  4- 6 |  7- 9 | 10-12 | 13-15 || total
-------------------------+-------+-------+-------+-------+-------++-------
Melee: Hand axe          |    50 |    72 |    90 |       |       ||   212
       Kick              |    14 |    27 |    61 |   192 |   105 ||   399
       Peck              |     7 |    10 |    49 |   110 |    57 ||   233
       War axe           |       |       |   161 |   332 |       ||   493
       Battleaxe         |       |       |       |   156 |   267 ||   423
Throw: Dart              |     5 |    19 |    59 |    59 |    54 ||   196
       Throwing net      |       |       |       |     2 |       ||     2
Invok: Berserk           |     2 |     5 |    14 |    27 |    16 ||    64
       Trog's Hand       |       |     3 |     5 |     7 |     5 ||    20
       Brothers in Arms  |       |       |       |     3 |     5 ||     8
Evoke: Wand              |       |       |       |     1 |       ||     1
  Use: Scroll            |       |     4 |     4 |    13 |     7 ||    28
       Potion            |       |     1 |    10 |     3 |     5 ||    19
 Stab: Held in net/web   |       |       |       |     1 |       ||     1
       Petrified         |       |       |       |       |     3 ||     3
       Distracted        |       |       |       |       |     1 ||     1
       Invisible         |       |       |       |       |     1 ||     1
Armor: Chain mail        |    26 |    25 |   160 |   151 |       ||   362
       Plate armour      |       |       |       |    99 |   171 ||   270
Dodge: Dodged            |    10 |    11 |   101 |   212 |   171 ||   505
Block: Kite shield       |    18 |    30 |   174 |   215 |       ||   437
       Other             |       |       |       |       |    49 ||    49
       Reflection        |       |       |       |       |     3 ||     3
